 Dungeon Sprint DCSS version 0.29-a0-338-g1ff7896281 (webtiles) character file.

Game seed: 6355096778186203371

60977 mhtbhm the Conqueror (level 15, 0/127 HPs)
             Began as a Gargoyle Berserker on Apr 18, 2022.
             Was a High Priest of Trog.
             Shot with a bolt by a yaktaur captain (27 damage)
             ... in the Dungeon (Sprint IX: "|||||||||||||||||||||||||||||").
             The game lasted 00:12:08 (7033 turns).

mhtbhm the Conqueror (Gargoyle Berserker)           Turns: 7033, Time: 00:12:08

Health: 0/127      AC: 36    Str: 26    XL:     15   Next: 1%
Magic:  15/15      EV: 14    Int: 10    God:    Trog [*****.]
Gold:   524        SH:  0    Dex:  9    Spells: 14/14 levels left

rFire   . . .      SeeInvis .   a - +10 dire flail of the Ego {vorpal, rPois Will+}
rCold   + . .      Faith    .   (shield currently unavailable)
rNeg    + + .      Spirit   .   b - +2 chain mail {rN+}
rPois   ∞          Reflect  .   u - +0 helmet
rElec   +          Harm     .   G - +1 cloak
rCorr   .          Rampage  .   k - +0 pair of gloves
Will    ++...      NoTele   +   v - +0 pair of boots
Stlth   ..........              (no amulet)
HPRegen 0.31/turn               l - +2 ring of evasion
MPRegen 0.14/turn               y - ring of protection from cold

@: on berserk cooldown, flying
A: sickness immunity, AC +11, big wings, negative energy resistance 1,
electricity resistance, torment resistance 1, petrification resistance
a: Renounce Religion, Berserk, Trog's Hand, Brothers in Arms


You were in the Dungeon.
You worshipped Trog.
Trog was extremely pleased with you.
You visited 1 branch You collected 1940 gold pieces.
You spent 1416 gold pieces at shops.

Inventory:

Hand Weapons
 a - the +10 dire flail of the Ego (weapon) {vorpal, rPois Will+}
   (Trog gifted it to you in the Dungeon)

   It inflicts extra damage upon your enemies.
   rPois:     It protects you from poison.
   Will:      It increases your willpower.
Missiles
 m - a curare-tipped dart
 n - 6 poisoned darts (quivered)
Armour
 b - a +2 chain mail of positive energy (worn)
 k - a +0 pair of gloves (worn)
 u - a +0 helmet (worn)
 v - a +0 pair of boots (worn)
 F - a +1 tower shield
 G - a +1 cloak (worn)
Jewellery
 l - a +2 ring of evasion (left hand)
 y - a ring of protection from cold (right hand)
 C - a ring of see invisible
 D - a ring of willpower
 E - a ring of protection from cold
Wands
 j - a wand of acid (5)
Scrolls
 q - 6 scrolls of enchant armour
 r - a scroll of identify
 s - 3 scrolls of fear
 t - a scroll of fog
Potions
 c - 8 potions of curing
 d - 2 potions of heal wounds
 e - a potion of experience
 f - 4 potions of magic
 g - 2 potions of berserk rage
 i - a potion of invisibility
 o - 2 potions of might
 p - 4 potions of mutation
 x - a potion of haste
 z - 2 potions of cancellation
 A - a potion of attraction


   Skills:
 O Level 27 Fighting
 + Level 25.7 Maces & Flails
 + Level 19.2 Armour
 + Level 9.3 Dodging
 + Level 5.2 Stealth
 + Level 2.1 Evocations


You had 14 spell levels left.
You didn't know any spells.
Your spell library was empty.

Dungeon Overview and Level Annotations

Branches:
Dungeon (1/1)

Altars:
Cheibriados
Dithmenos
Elyvilon
Fedhas
Gozag
Hepliaklqana
Kikubaaqudgha
Makhleb
Nemelex Xobeh
Okawaru
Qazlal
Ru
Sif Muna
Trog
Uskayaw
Vehumet
Wu Jian
Xom
Yredelemnul
Zin
The Shining One
Beogh
Jiyva
Lugonu

Shops:
D ![!:


Innate Abilities, Weirdness & Mutations

You are immune to sickness and miasma.
Your stone body is resilient. (AC +11)
You are immune to poison.
Your large and strong wings let you fly.
You resist negative energy. (rN+)
You are resistant to electric shocks. (rElec)
You are resistant to unholy torment.
You are immune to petrification.


Message History

Something appears at your feet!
You see here a +3 vorpal great mace.
Reactivating autopickup.
You feel a bit more experienced.
Your Evocations skill increases to level 2!
Unknown command.
The yaktaur captain wields a +0 arbalest.
The yaktaur captain shoots a bolt.
The bolt hits you but does no damage.
The vault sentinel blows a loud note on a signal horn!
Items here: ))))) [[[[ ††.
Unknown command.
You swap places.
The yaktaur captain shoots a bolt.
The bolt hits your troll!
Your troll rages.
Unknown command.
Unknown command.
The yaktaur captain is no longer covered in acid.
Your troll bites the yaktaur captain!
Your troll claws the yaktaur captain!!
The yaktaur captain dies!
Trog accepts your kill.
The yaktaur captain wields a +0 arbalest.
The yaktaur captain shoots a bolt.
The bolt hits your troll!!!
You have reached level 15!
Your experience leads to an increase in your attributes!
Increase (S)trength, (I)ntelligence, or (D)exterity?
You feel stronger. x2
Unknown command.
Your troll bites the yaktaur captain!
Your troll barely misses the yaktaur captain.
Your troll claws the yaktaur captain!
The yaktaur captain shoots a bolt.
The bolt hits your troll!!!
Your troll dies!
Your troll's corpse disappears in a puff of smoke!
The vault sentinel is no longer covered in acid.
The vault sentinel blows a loud note on a signal horn!
The yaktaur captain shoots a bolt.
The bolt closely misses you.
Unknown command.
Your deep troll goes berserk!
The yaktaur captain shoots a bolt.
The bolt completely misses your deep troll.
The bolt hits you!!
You die...

▓▓▓▓▓▓▓▓▓▓▓▓▓▓▓▓▓▓▓▓▓▓▓▓▓▓
.pp9pc)T)@)).+............
▓▓▓▓▓▓▓▓▓▓▓▓▓▓▓▓▓▓▓▓▓▓▓▓▓▓▓▓▓▓▓▓▓
.................................
▓▓♣♣♣♣♣♣♣♣♣♣▓▓▓▓▓▓▓▓▓▓▓▓▓▓▓▓▓▓▓▓▓
.'.......[)'....[[)))'....).÷))'.
▓▓♣♣♣♣♣♣♣♣♣♣▓▓▓▓▓▓▓▓▓▓▓▓▓▓▓▓▓▓▓▓▓
.)......).)......................
▓▓▓▓▓▓▓▓▓▓▓▓▓▓▓▓▓▓▓▓▓▓▓▓▓▓▓▓▓▓▓▓▓
..........))()†).....!.!.[[[[[.[=


You could see a vault warden, a yaktaur captain (ally target), a vault sentinel
(catching breath), a peacekeeper and a friendly deep troll (summoned, berserk).

Vanquished Creatures
  Agnes (D)
  5 very ugly things (D)
  2 stone giants (D)
  5 ironbound preservers (D)
  A vampire knight (D)
  An entropy weaver (D)
  3 ettins (D)
  3 fire dragons (D)
  A great orb of eyes (D)
  Erolcha (D)
  An ice dragon (D)
  2 hydras (D)
  2 anacondas (D)
  A boulder beetle (D)
  A spriggan air mage (D)
  A two-headed ogre (D)
  A catoblepas (D)
  3 centaur warriors (D)
  A death knight (D)
  A deep troll shaman (D)
  An alligator (D)
  A naga warrior (D)
  A satyr (D)
  3 deep troll earth magi (D)
  A tengu warrior (D)
  Nergalle (D)
  A spriggan berserker (D)
  8 orc high priests (D)
  A steelbarb worm (D)
  An orb spider (D)
  A sea snake (D)
  2 swamp dragons (D)
  2 ironbound convokers (D)
  A glowing orange brain (D)
  A harpy (D)
  A necromancer (D)
  7 orc knights (D)
  An orc sorcerer (D)
  An ugly thing (D)
  2 manticores (D)
  A moth of wrath (D)
  A water nymph (D)
  2 black mambas (D)
  A torpor snail (D)
  A gargoyle (D)
  3 cane toads (D)
  3 naga magi (D)
  Psyche (D)
  An unseen horror (D)
  A yaktaur (D)
  A rime drake (D)
  3 komodo dragons (D)
  A troll (D)
  A polar bear (D)
  A hornet (D)
  2 blink frogs (D)
  A slime creature (D)
  2 snapping turtles (D)
  3 yaks (D)
  2 jumping spiders (D)
  A spriggan (D)
  A hog (shapeshifter) (D)
  3 basilisks (D)
  Eustachio (D)
  2 redbacks (D)
  A vampire mosquito (D)
  3 wargs (D)
  A naga (D)
  A hell hound (D)
  2 water moccasins (D)
  A floating eye (D)
  8 orc warriors (D)
  4 wolves (D)
  A centaur (D)
  2 kobold brigands (D)
  2 bullfrogs (D)
  A scorpion (D)
  A hound (D)
  8 orc priests (D)
  3 orc wizards (D)
  An adder (D)
  4 orcs (D)
  An endoplasm (D)
  A goblin (D)
  2 kobolds (D)
  A frilled lizard (D)
164 creatures vanquished.

Vanquished Creatures (collateral kills)
  A merfolk impaler (D)
  A yaktaur captain (D)
  A hydra (D)
  2 alligators (D)
  A deep troll shaman (D)
  A satyr (D)
  A goliath frog (D)
  A wizard (D)
  An ugly thing (D)
  A tyrant leech (D)
11 creatures vanquished.

Grand Total: 175 creatures vanquished

Notes
Turn   | Place    | Note
-------+----------+-------------------------------------------
     0 | D        | mhtbhm the Gargoyle Berserker began the quest for the Orb.
     0 | D        | Reached XP level 1. HP: 14/14 MP: 1/1
     9 | D        | Reached ** piety under Trog
    12 | D        | Reached skill level 4 in Fighting
   164 | D        | Noticed a water moccasin
   164 | D        | Noticed a scorpion
   164 | D        | Noticed a hound
   171 | D        | Killed a hound
   172 | D        | Reached skill level 5 in Fighting
   172 | D        | Reached skill level 5 in Maces & Flails
   172 | D        | Reached XP level 2. HP: 21/21 MP: 2/2
   172 | D        | Reached XP level 3. HP: 26/26 MP: 3/3
   174 | D        | Killed a scorpion
   174 | D        | Reached *** piety under Trog
   175 | D        | Reached skill level 6 in Fighting
   175 | D        | Reached XP level 4. HP: 32/32 MP: 4/4
   181 | D        | Killed a water moccasin
   182 | D        | Reached skill level 8 in Fighting
   182 | D        | Reached XP level 5. HP: 31/40 MP: 5/5
   222 | D        | Found a snail-covered altar of Cheibriados.
   222 | D        | Found a shadowy altar of Dithmenos.
   222 | D        | Found a white marble altar of Elyvilon.
   222 | D        | Found a blossoming altar of Fedhas.
   222 | D        | Found an opulent altar of Gozag.
   223 | D        | Found a hazy altar of Hepliaklqana.
   224 | D        | Found a viscous altar of Jiyva.
   225 | D        | Found an ancient bone altar of Kikubaaqudgha.
   226 | D        | Found a corrupted altar of Lugonu.
   227 | D        | Found a burning altar of Makhleb.
   228 | D        | Found a sparkling altar of Nemelex Xobeh.
   229 | D        | Found an iron altar of Okawaru.
   230 | D        | Found a stormy altar of Qazlal.
   231 | D        | Found a sacrificial altar of Ru.
   232 | D        | Found a shimmering blue altar of Sif Muna.
   233 | D        | Found a bloodstained altar of Trog.
   234 | D        | Found a hide-covered altar of Uskayaw.
   235 | D        | Found a radiant altar of Vehumet.
   236 | D        | Found an ornate altar of the Wu Jian Council.
   237 | D        | Found a shimmering altar of Xom.
   238 | D        | Found a basalt altar of Yredelemnul.
   239 | D        | Found a glowing silver altar of Zin.
   240 | D        | Found a glowing golden altar of the Shining One.
   376 | D        | Noticed a yak
   376 | D        | Noticed a centaur
   376 | D        | Noticed a kobold brigand
   376 | D        | Noticed a kobold brigand
   376 | D        | Noticed a yak
   376 | D        | Noticed a two-headed ogre
   381 | D        | Killed a two-headed ogre
   382 | D        | Reached skill level 11 in Fighting
   382 | D        | Reached skill level 5 in Armour
   382 | D        | Reached skill level 5 in Dodging
   382 | D        | Reached skill level 1 in Stealth
   382 | D        | Reached XP level 6. HP: 37/49 MP: 6/6
   382 | D        | Reached XP level 7. HP: 41/54 MP: 7/7
   384 | D        | Killed a yak
   384 | D        | Reached **** piety under Trog
   385 | D        | Reached XP level 8. HP: 43/60 MP: 8/8
   395 | D        | Reached skill level 12 in Fighting
   403 | D        | Killed a yak
   403 | D        | Reached ***** piety under Trog
   545 | D        | Noticed a troll
   545 | D        | Noticed a centaur warrior
   545 | D        | Noticed a gargoyle
   545 | D        | Noticed a slime creature
   555 | D        | Killed an unseen horror
   556 | D        | Reached skill level 13 in Fighting
   561 | D        | Killed a slime creature
   562 | D        | Reached XP level 9. HP: 68/68 MP: 9/9
   568 | D        | Killed a gargoyle
   574 | D        | Killed a centaur warrior
   575 | D        | Reached skill level 14 in Fighting
   577 | D        | Killed a troll
   732 | D        | Noticed Erolcha
   739 | D        | Killed Erolcha
   739 | D        | Received a gift from Trog
   740 | D        | Reached skill level 15 in Fighting
   740 | D        | Reached skill level 15 in Maces & Flails
   740 | D        | Reached XP level 10. HP: 73/76 MP: 10/10
   832 | D        | Noticed a four-headed hydra
   840 | D        | Noticed a cane toad
   845 | D        | Killed a four-headed hydra
   846 | D        | Reached skill level 16 in Fighting
   853 | D        | Killed a cane toad
   864 | D        | Reached ****** piety under Trog
   935 | D        | Noticed a cane toad
   935 | D        | Noticed a catoblepas
   939 | D        | Noticed a cane toad
   943 | D        | Killed a catoblepas
   943 | D        | Received a gift from Trog
   946 | D        | Reached XP level 11. HP: 84/84 MP: 11/11
   948 | D        | Reached skill level 17 in Fighting
   964 | D        | Reached skill level 10 in Armour
   971 | D        | Received a gift from Trog
  1153 | D        | Received a gift from Trog
  1319 | D        | Received a gift from Trog
  1327 | D        | Reached skill level 18 in Fighting
  1588 | D        | Noticed an orc sorcerer
  1595 | D        | Noticed an orc knight
  1596 | D        | Received a gift from Trog
  1600 | D        | Killed an orc sorcerer
  1613 | D        | Killed an orc knight
  1614 | D        | Noticed an orc knight
  1631 | D        | Killed an orc knight
  1919 | D        | Found Teloism's Book Boutique.
  1919 | D        | Noticed an orc high priest
  1919 | D        | Noticed an orc high priest
  1919 | D        | Noticed an orc knight
  1919 | D        | Noticed an orc high priest
  1919 | D        | Noticed an orc high priest
  1924 | D        | Killed an orc high priest
  1928 | D        | Killed an orc high priest
  1929 | D        | Reached skill level 19 in Fighting
  1929 | D        | Found Keirueqi's Distillery.
  1929 | D        | Noticed an orc high priest
  1934 | D        | Noticed an orc knight
  1935 | D        | Killed an orc knight
  1942 | D        | Killed an orc high priest
  1943 | D        | Reached XP level 12. HP: 78/95 MP: 12/12
  1943 | D        | Noticed a sun demon
  1949 | D        | Noticed a soul eater
  1949 | D        | Killed an orc high priest
  1949 | D        | Received a gift from Trog
  1949 | D        | Noticed an orc high priest
  2209 | D        | Killed an orc high priest
  2281 | D        | Killed an orc high priest
  2282 | D        | Reached skill level 20 in Fighting
  2284 | D        | Noticed an orc high priest
  2290 | D        | Killed an orc high priest
  2382 | D        | Noticed an orc high priest
  2390 | D        | Killed an orc high priest
  2390 | D        | Received a gift from Trog
  2452 | D        | Found Ropsimom's Armour Boutique.
  2456 | D        | Found Ygrub's Distillery.
  2823 | D        | Bought a potion of experience for 500 gold pieces
  2823 | D        | Bought a potion of haste for 100 gold pieces
  2823 | D        | Bought a potion of mutation for 80 gold pieces
  2823 | D        | Bought a potion of might for 40 gold pieces
  2823 | D        | Bought 2 potions of mutation for 160 gold pieces
  2827 | D        | Bought a potion of heal wounds for 60 gold pieces
  2827 | D        | Bought a potion of cancellation for 96 gold pieces
  2827 | D        | Bought a potion of curing for 36 gold pieces
  2827 | D        | Bought a potion of attraction for 36 gold pieces
  2827 | D        | Bought a potion of curing for 36 gold pieces
  2841 | D        | Bought a potion of cancellation for 80 gold pieces
  2849 | D        | Bought a +1 ring mail of fire resistance for 192 gold
                  | pieces
  2898 | D        | Noticed Psyche
  2903 | D        | Killed Psyche
  3049 | D        | Noticed a five-headed hydra
  3049 | D        | Noticed a boulder beetle
  3049 | D        | Noticed a death knight
  3049 | D        | Noticed a centaur warrior
  3049 | D        | Noticed a centaur warrior
  3054 | D        | Killed a centaur warrior
  3062 | D        | Killed a centaur warrior
  3064 | D        | Noticed a deep troll shaman
  3066 | D        | Killed a death knight
  3066 | D        | Received a gift from Trog
  3071 | D        | Killed a five-headed hydra
  3072 | D        | Reached skill level 21 in Fighting
  3362 | D        | Noticed an ettin
  3364 | D        | Killed a boulder beetle
  3365 | D        | Noticed an ice dragon
  3374 | D        | Killed a deep troll shaman
  3382 | D        | Killed an ettin
  3382 | D        | Received a gift from Trog
  3383 | D        | Reached skill level 15 in Armour
  3383 | D        | Reached XP level 13. HP: 64/104 MP: 13/13
  3663 | D        | Killed an ice dragon
  3663 | D        | Noticed a stone giant
  3677 | D        | Killed a stone giant
  3851 | D        | Noticed Agnes
  3866 | D        | Killed Agnes
  3867 | D        | Reached skill level 22 in Fighting
  3991 | D        | Noticed Eustachio
  4012 | D        | Killed Eustachio
  4082 | D        | Noticed Nergalle
  4097 | D        | Killed Nergalle
  4097 | D        | Received a gift from Trog
  4230 | D        | Noticed an entropy weaver
  4242 | D        | Killed an entropy weaver
  4935 | D        | Noticed a merfolk impaler
  4940 | D        | Received a gift from Trog
  4951 | D        | Reached skill level 23 in Fighting
  4967 | D        | Killed a merfolk impaler
  4967 | D        | Identified the +10 dire flail of the Ego {vorpal, rPois
                  | Will+} (Trog gifted it to you in the Dungeon)
  4967 | D        | Received a gift from Trog
  5264 | D        | Received a gift from Trog
  5480 | D        | Reached skill level 24 in Fighting
  5483 | D        | Gained mutation: Your large and strong wings let you fly.
                  | [Gargoyle growth]
  5483 | D        | Reached XP level 14. HP: 116/116 MP: 14/14
  5489 | D        | Received a gift from Trog
  6033 | D        | Noticed a green very ugly thing
  6034 | D        | Noticed a green very ugly thing
  6037 | D        | Received a gift from Trog
  6038 | D        | Reached skill level 5 in Stealth
  6043 | D        | Killed a green very ugly thing
  6044 | D        | Noticed a stone giant
  6049 | D        | Noticed a green very ugly thing
  6054 | D        | Reached skill level 25 in Fighting
  6062 | D        | Killed a green very ugly thing
  6067 | D        | Noticed a vampire knight
  6079 | D        | Received a gift from Trog
  6467 | D        | Killed a stone giant
  6665 | D        | Paralysed by a floating eye for 2 turns
  6674 | D        | Killed a vampire knight
  6691 | D        | Received a gift from Trog
  6708 | D        | Killed a green very ugly thing
  6709 | D        | Reached skill level 26 in Fighting
  6741 | D        | Reached skill level 1 in Evocations
  6782 | D        | Identified the +1 dire flail of Feppa {flame, Dex+2 Stlth+}
                  | (Trog gifted it to you in the Dungeon)
  6782 | D        | Received a gift from Trog
  6933 | D        | Noticed an ironbound preserver
  6933 | D        | Noticed an ironbound preserver
  6933 | D        | Noticed an ironbound preserver
  6933 | D        | Noticed an ironbound preserver
  6934 | D        | Noticed a cyan very ugly thing
  6935 | D        | Noticed a green very ugly thing
  6943 | D        | Killed an ironbound preserver
  6956 | D        | Killed an ironbound preserver
  6956 | D        | Killed an ironbound preserver
  6956 | D        | Received a gift from Trog
  6964 | D        | Killed an ironbound preserver
  6970 | D        | Noticed an ironbound preserver
  6972 | D        | Killed a green very ugly thing
  6980 | D        | Killed a cyan very ugly thing
  6992 | D        | Killed an ironbound preserver
  6992 | D        | Received a gift from Trog
  6993 | D        | Reached skill level 27 in Fighting
  7017 | D        | Noticed a vault warden
  7018 | D        | HP: 4/122 [yaktaur captain (32)]
  7026 | D        | HP: 1/122 [yaktaur captain (28)]
  7027 | D        | Received a gift from Trog
  7031 | D        | Reached XP level 15. HP: 26/127 MP: 15/15
  7033 | D        | Shot with a bolt by a yaktaur captain

Illustrated notes

Levels and vault maps discovered:
D:        linesprint [early_d, line_temple, items_1, d_10, items_2, lair_1,
          lair_end, items_3, orc_1, orc_end, items_4, d_15, swamp_1, shoals_1,
          snake_1, spider_1, d_20, vaults_1, items_5, swamp_end, shoals_end,
          snake_end, spider_end, vaults_end, d_27, items_6, zot_1, zot_end,
          crypt_end, forest_end, elf_end, slime_end, tomb_end, abyss_end,
          pan_hell_end]

Skill      XL: |  1  2  3  4  5  6  7  8  9 10 11 12 13 14 |
---------------+-------------------------------------------+-----
Fighting       | 5 6 8 11 13 15 16 19 21 24 27 | 27.0
Maces & Flails | 5 6 8 11 13 15 17 19 21 23 25 | 25.7
Armour         | 3 4 5 6 8 9 12 15 17 19 | 19.2
Dodging        | 2 3 5 6 7 8 9 |  9.3
Stealth        | 1 2 3 4 5 |  5.2
Evocations     | 2 |  2.1

Action                   |  1- 3 |  4- 6 |  7- 9 | 10-12 | 13-15 || total
-------------------------+-------+-------+-------+-------+-------++-------
Melee: Mace              |    16 |     9 |       |       |       ||    25
       Dire flail        |       |     4 |    50 |   159 |   208 ||   421
       Great mace        |       |       |       |   119 |   113 ||   232
Invok: Berserk           |     2 |     1 |     1 |     8 |     8 ||    20
       Brothers in Arms  |       |       |       |     1 |     8 ||     9
Evoke: Wand              |       |       |       |       |     5 ||     5
  Use: Potion            |       |       |     1 |     2 |     4 ||     7
       Scroll            |       |       |       |       |     4 ||     4
Armor: Animal skin       |     4 |     2 |       |       |       ||     6
       Plate armour      |       |       |    16 |    65 |       ||    81
       Chain mail        |       |       |       |    21 |   162 ||   183
Dodge: Dodged            |     7 |     5 |    13 |    63 |   162 ||   250

Table legend: (Time is in decaauts)
 A = Elapsed time spent in this place.
 B = Non-inter-level travel time spent in this place.
 C = Inter-level travel time spent in this place.
 D = Time resting spent in this place.
 E = Time spent auto-exploring this place.
 F = Levels seen in this place.
 G = Mean time per level.
                   A        B        C        D        E       F      G
               +--------+--------+--------+--------+--------+-----+--------+
         Total |   6942 |   6942 |      0 |   4547 |    466 |   1 | 6942.0 |
       Dungeon |   6942 |   6942 |      0 |   4547 |    466 |   1 | 6942.0 |
               +--------+--------+--------+--------+--------+-----+--------+

Top non-repeatable levels by time:
       D: 6942 daAuts
